 Dungeon Crawl Stone Soup version 0.30-a0-800-g7c544603b3 (webtiles) character file.

Game seed: 9476233563844839675

7 gelatine the Firebug (level 1, -1/13 HPs)
             Began as a Demonspawn Fire Elementalist on Feb 22, 2023.
             Slain by a hobgoblin (3 damage)
             ... on level 1 of the Dungeon.
             The game lasted 00:00:39 (292 turns).

gelatine the Firebug (Demonspawn Fire Elementalist)  Turns: 292, Time: 00:00:40

Health: -1/13      AC:  2    Str:  8    XL:     1   Next: 91%
Magic:  0/3        EV: 12    Int: 16    God:
Gold:   6          SH:  0    Dex: 13    Spells: 3/4 levels left

rFire   . . .      SeeInvis .    c - +0 hand axe
rCold   + . .      Faith    .    (no shield)
rNeg    . . .      Spirit   .    a - +0 robe
rPois   .          Reflect  .    (no helmet)
rElec   .          Harm     .    (no cloak)
rCorr   .          Rampage  .    (no gloves)
Will    .....                    (no boots)
Stlth   ++                       (no amulet)
HPRegen 0.22/turn                e - ring of protection from cold
MPRegen 0.08/turn                (no ring)

@: no status effects
A: no striking features
a: no special abilities


You were on level 1 of the Dungeon.
You visited 1 branch of the dungeon, and saw 1 of its levels.

You collected 6 gold pieces.

Inventory:

Hand Weapons
 c - a +0 hand axe (weapon)
Armour
 a - a +0 robe (worn)
 f - an orb of energy
Jewellery
 e - a ring of protection from cold (left hand)
Scrolls
 d - a scroll of amnesia {unknown}
 g - a scroll of identify {unknown}
 h - a scroll of blinking {unknown}
Potions
 b - a potion of magic


   Skills:
 + Level 1.8 Dodging
 + Level 1.8 Stealth
 + Level 2.1 Spellcasting
 + Level 1.2 Conjurations
 + Level 2.9 Fire Magic


You had 3 spell levels left.
You knew the following spells:

 Your Spells              Type           Power      Damage    Failure   Level
a - Foxfire               Conj/Fire      32%        2x1d5     9%          1

Your spell library contained the following spells:

 Spells                   Type           Power      Damage    Failure   Level
 Scorch                   Fire           22%        2d6       9%          2
 Shock                    Conj/Air       12%        1d3       16%         1
 Inner Flame              Hex/Fire       6%         N/A       32%         3
 Kindle Blastsparks       Fire/Tloc/Air  8%         2d10      38%         3
 Swiftness                Air            1%         N/A       52%         3
 Flame Wave               Conj/Fire      8%         2d5       65%         4
 Airstrike                Air            0%         2d(1-17)  90%         4


Dungeon Overview and Level Annotations

Branches:
Dungeon (1/15)

Altars:


Message History

The kobold closely misses you.
You hit the kobold.
You kill the kobold!
You hit the hobgoblin but do no damage. You hit the dart slug but do no damage.
The bat hits you.
The hobgoblin hits you but does no damage.
The hobgoblin completely misses you. The dart slug barely misses you.
You completely miss the bat. You hit the hobgoblin but do no damage.
You hit the dart slug. The bat hits you but does no damage.
The hobgoblin hits you. The bat barely misses you.
The dart slug barely misses you. The hobgoblin misses you.
Things that are here:
a +0 short sword; a kobold corpse You hit the dart slug.
The dart slug is heavily wounded.
You hit the bat. You closely miss the hobgoblin. The bat barely misses you.
The hobgoblin closely misses you. The dart slug launches a dart at you.
The slug dart misses you.
The slug dart hits the hobgoblin but does no damage.
The bat barely misses you.
You hit the dart slug but do no damage.
The dart slug is heavily wounded.
You miss the bat. You closely miss the hobgoblin.
The bat hits you but does no damage. The hobgoblin hits you.
The dart slug bites you. The bat closely misses you.
The hobgoblin barely misses you.
You hit the dart slug.
The dart slug is severely wounded.
You hit the bat.
You kill the bat!
You barely miss the hobgoblin. The hobgoblin misses you.
The dart slug launches a dart at you. The slug dart hits you.
* * * LOW HITPOINT WARNING * * *
Casting: Foxfire (safe; 9% risk of failure)
Confirm with . or Enter, or press ? or * to list all spells.
You conjure some foxfire!
The hobgoblin hits you.
You die...

#. #..#...#..#.....#
#..# # .##.##..#.....#
#....
.$#.#....#.#..#####.###
...#............# .#
#..........>..#.#
..............#.#
#............##.#
#.....†gv#.####.#
###..@v#v§....#
#......w...######
#........#.#
#.......##.#
........##.#
..#.#.####.# . #.#. #.#
# #. ..# ###


You could see a dart slug and a hobgoblin (ally target).

Vanquished Creatures
  2 bats (D:1)
  2 endoplasms (D:1)
  A goblin (D:1)
  A kobold (D:1)
  A rat (D:1)
7 creatures vanquished.

Vanquished Creatures (others)
  22 foxfires (D:1)
22 creatures vanquished.

Grand Total: 29 creatures vanquished

Notes
Turn   | Place    | Note
-------+----------+-------------------------------------------
     0 | D:1      | gelatine the Demonspawn Fire Elementalist began the quest
                  | for the Orb.
     0 | D:1      | Reached XP level 1. HP: 13/13 MP: 3/3
   292 | D:1      | Slain by a hobgoblin

Illustrated notes

Levels and vault maps discovered:
D:1:      erik_arrival_blinker_ship, layout_loops_cross

Action                     || total
---------------------------++-------
  Melee: Hand axe          ||    11
   Cast: Foxfire           ||    15
 Armour: Robe              ||     5
  Dodge: Dodged            ||    28

Table legend: (Time is in decaauts)
 A = Elapsed time spent in this place.
 B = Non-inter-level travel time spent in this place.
 C = Inter-level travel time spent in this place.
 D = Time resting spent in this place.
 E = Time spent auto-exploring this place.
 F = Levels seen in this place.
 G = Mean time per level.
                   A        B        C        D        E       F      G
               +--------+--------+--------+--------+--------+-----+--------+
         Total |    294 |    294 |      0 |      0 |    227 |   1 |  294.0 |
       Dungeon |    294 |    294 |      0 |      0 |    227 |   1 |  294.0 |
               +--------+--------+--------+--------+--------+-----+--------+

Top non-repeatable levels by time:
     D:1: 294 daAuts
